 Dungeon Crawl Stone Soup version 0.18-a0-1350-g404b4cb (webtiles) character file.

32 hellophilly the Grave Robber (level 3, 0/25 HPs)
             Began as a Human Necromancer on Feb 18, 2016.
             Slain by a goblin
             ... wielding a +0 club
              (4 damage)
             ... on level 2 of the Dungeon.
             The game lasted 00:13:41 (1363 turns).

hellophilly the Grave Robber (Human Necromancer)    Turns: 1363, Time: 00:13:41

Health: 0/25       AC:  2    Str:  8    XL:     3   Next: 45%
Magic:  0/6        EV: 12    Int: 16    God:
Gold:   44         SH:  0    Dex: 13    Spells: 3 memorised, 1 level left

rFire  . . .     SeeInvis .     s - -3 dagger (curse)
rCold  . . .     Gourm    .     a - +0 robe
rNeg   . . .     Faith    .     (no shield)
rPois  .         Spirit   .     (no helmet)
rElec  .         Dismiss  .     (no cloak)
rCorr  .         Reflect  .     (no gloves)
SustAt +         Harm     .     (no boots)
MR     .....                    (no amulet)
Stlth  ++........               (no ring)
                                k - ring of sustain attributes

@: lethally poisoned (0 -> -2), not resistant to hostile enchantments,
unstealthy
A: no striking features
a: no special abilities


You were on level 2 of the Dungeon.
You were not hungry.

You visited 1 branch of the dungeon, and saw 2 of its levels.

You collected 44 gold pieces.

Inventory:

Hand Weapons
 f - a +0 club
 g - a +0 whip
 n - a +0 short sword
 s - a cursed -3 dagger (weapon)
Missiles
 t - 20 bolts
Armour
 a - a +0 robe (worn)
 q - a +0 robe
Jewellery
 k - a ring of sustain attributes (left hand)
Scrolls
 d - 2 scrolls of identify {unknown}
 h - a scroll of enchant armour {unknown}
 i - a scroll of teleportation {unknown}
 j - a scroll of remove curse {unknown}
 l - 2 scrolls of recharging {unknown}
Potions
 e - a potion of cure mutation {unknown}
 m - a potion of brilliance {unknown}
 r - 2 potions of curing {unknown}
Books
 b - a book of Necromancy

   Spells                             Type                      Level
   a - Pain                           Necromancy                   1
   b - Animate Skeleton               Necromancy                   1
   c - Vampiric Draining              Necromancy                   3
   d - Regeneration                   Charms/Necromancy            3
   e - Animate Dead                   Necromancy                   4
   f - Control Undead                 Necromancy                   4
Comestibles
 c - a bread ration
 o - 8 chunks of flesh
 p - a meat ration


   Skills:
 + Level 0.4 Fighting
 + Level 0.2 Maces & Flails
 + Level 2.1 Dodging
 + Level 2.4 Stealth
 + Level 2.1 Spellcasting
 + Level 4.6 Necromancy


You had one spell level left.
You knew the following spells:

 Your Spells              Type           Power        Failure   Level  Hunger
a - Pain                  Necr           ###.         3%          1    #......
b - Animate Skeleton      Necr           N/A          3%          1    #......
c - Vampiric Draining     Necr           ###.......   12%         3    ###....


Dungeon Overview and Level Annotations

Branches:
Dungeon (2/15)

Altars:


Message History

The adder bites your ball python skeleton.
Your ball python skeleton bites the adder.
Your ball python skeleton constricts the adder.
You continue eating.
The adder bites your ball python skeleton.
Your ball python skeleton barely misses the adder.
Your ball python skeleton constricts the adder.
The adder bites your ball python skeleton.
Your ball python skeleton is destroyed!
Casting: Pain
Confirm with . or Enter, or press ? or * to list all spells.
Aiming: Pain
Press: ? - help, Shift-Dir - straight line, f/p - adder
Aim: an adder (almost dead, chance to defeat MR: 81%)
The adder convulses in agony!
You kill the adder!
You closely miss the goblin.
You feel sick.
You barely miss the goblin. The goblin barely misses you.
You barely miss the goblin. The goblin hits you with a club.
You die...

#......# #.......
##### ##...#..
#...###.......
#.............
########.............
#......#............#
#......†............#
#...@g†#.............
#...................#
#......##.#.........#
#......##.....#..##..
#......#####.....##.#
######## ##.###.....
##.........#
##...###.####
###..#####.####


You could see a goblin.

Vanquished Creatures
  An adder (D:2)
  A giant gecko (D:2)
  3 goblins (D:1)
  2 hobgoblins (D:1)
  9 jackals
  A ball python (D:2)
  A giant newt (D:1)
  3 kobolds
  3 rats (D:1)
24 creatures vanquished.

Vanquished Creatures (collateral kills)
  A quokka (D:2)
  A bat (D:1)
2 creatures vanquished.

Grand Total: 26 creatures vanquished

Notes
Turn   | Place    | Note
--------------------------------------------------------------
     0 | D:1      | hellophilly the Human Necromancer began the quest for the Orb.
     0 | D:1      | Reached XP level 1. HP: 13/13 MP: 3/3
   461 | D:1      | Reached XP level 2. HP: 14/19 MP: 1/5
   476 | D:1      | Learned a level 1 spell: Animate Skeleton
  1246 | D:2      | Reached XP level 3. HP: 20/25 MP: 4/6
  1254 | D:2      | Learned a level 3 spell: Vampiric Draining
  1363 | D:2      | Slain by a goblin

Vault maps used:
D:1:      dpeg_arrival_connections, moated_statue

Action                   || total
-------------------------++-------
Melee: Unarmed           ||     9
       Club              ||    19
       Whip              ||     8
       Dagger            ||     8
 Cast: Pain              ||    27
       Animate Skeleton  ||    10
       Vampiric Draining ||     2
 Stab: Sleeping          ||     1
  Eat: Chunk             ||     2
